 Dungeon Crawl Stone Soup version 0.28-a0-1143-gcf6077d4cc (webtiles) character file.

Game seed: 5769110469680503896

42 spaghetti the Covert (level 3, 17/17 HPs)
             Began as a Felid Delver on Dec 14, 2021.
             Quit the game on level 3 of the Dungeon.
             The game lasted 00:01:56 (1238 turns).

spaghetti the Covert (Felid Delver)                 Turns: 1238, Time: 00:01:56

Health: 17/17      AC:  1    Str:  8    XL:     3   Next: 33%
Magic:  13/13      EV: 17    Int: 13    God:
Gold:   32         SH:  0    Dex: 17    Spells: 2/2 levels left
                                        Lives:  0   Deaths: 1

rFire   . . .      SeeInvis +     - Unarmed
rCold   . . .      Faith    .   (shield unavailable)
rNeg    . . .      Spirit   .   (armour unavailable)
rPois   .          Reflect  .   (helmet unavailable)
rElec   .          Harm     .   (cloak unavailable)
rCorr   .          Rampage  .   (gloves unavailable)
Will    .....                   (boots unavailable)
Stlth   ++++......              (no amulet)
HPRegen 0.05/turn               f - ring of magical power
MPRegen 0.13/turn               (no ring)

@: quick
A: very small, claws 1, fangs 3, see invisible, speed 1, shaggy fur 1, stealthy
paws, no weapons or thrown items, no armour, multi-lived
a: no special abilities


You were on level 3 of the Dungeon.
You visited 1 branch of the dungeon, and saw 3 of its levels.

You collected 32 gold pieces.


Innate Abilities, Weirdness & Mutations

You have sharp claws.
You have razor-sharp teeth.
You have supernaturally acute eyesight. (SInv)
You cover ground quickly. (Speed+)
You are covered in fur. (AC +1)
Your paws help you pounce on unaware monsters.
You are incapable of wielding weapons or throwing items.
You cannot wear armour.
You gain extra lives every three experience levels.


   Skills:
 - Level 3.0 Fighting
 - Level 2.6 Dodging
 + Level 9.1 Stealth
 - Level 2.0 Unarmed Combat


You had 2 spell levels left.
You didn't know any spells.
Your spell library was empty.

Inventory:

Jewellery
 f - a ring of magical power (left paw)
   (You found it on level 5 of the Dungeon)
Wands
 e - a wand of digging (3)
Scrolls
 a - a scroll of fog
 b - 2 scrolls of magic mapping {!r}
 c - a scroll of fear
Potions
 d - a potion of haste {@q3}
 g - a potion of mutation {unknown}

Dungeon Overview and Level Annotations

Branches:
Dungeon (5/15)
 Temple: D:4-7

Altars:

.....###'###.#
.....o.......#
....###'..#######
.............)).#
###.............#
#.....o......(#
#####o#.......#
#.#.......##
#.'.......@#
###†.......#
#........#
########.# #.#
#.# #.# #.#


There were no monsters in sight!


Message History

You take 1 damage, and now have 20/21 hp.
You closely miss the orc. The orc barely misses you.
You closely miss the orc.
The orc hits you with a +0 club. 😕 HP[-2]
You take 2 damage, and now have 18/21 hp.
You barely miss the orc. The orc misses you.
You scratch the orc. You bite the orc, but do no damage. The orc misses you.
You scratch the orc. The orc closely misses you.
You scratch the orc but do no damage.
The orc hits you with a +0 club. 😮 HP[-3]
You take 3 damage, and now have 15/21 hp.
You are too injured to fight recklessly!
You are too injured to fight recklessly!
You are too injured to fight recklessly!
You are too injured to fight recklessly!
You are too injured to fight recklessly!
You are too injured to fight recklessly!
You are too injured to fight recklessly!
You are too injured to fight recklessly!
An orc is nearby!
An orc is nearby!
You are too injured to fight recklessly!
You scratch the orc.
You kill the orc!
Things that are here:
a +0 club {mace}; a +0 leather armour; an orc corpse You hear the brisk rusting of a very distant drain.
An orc is nearby!
Unknown command. 😕 HP[+2]
You regained 2 hp, and now have 17/21 hp.
Unknown command.
An orc is nearby!
You see here a +0 hunting sling {sling}.
The orc shouts!
The orc completely misses you.
You scratch the orc. The orc misses you.
You scratch the orc. You bite the orc, but do no damage.
The orc closely misses you.
You scratch the orc but do no damage.
An orc priest comes into view.
It is wielding a +1 short sword of venom.
The orc misses you.
An orc comes into view. It is wielding a +0 hand axe.
You barely miss the orc. 😕 HP[+1] Unknown command.
The orc priest shouts!
You scratch the orc. The orc closely misses you.
Unknown command.
Unknown command.
You scratch the orc but do no damage. The orc hits you with a +0 hand axe.
The orc barely misses you. 😕 HP[-2]
You take 2 damage, and now have 16/21 hp.
Unknown command.
Unknown command.
Unknown command.
You closely miss the orc. The orc completely misses you.
The orc priest casts a cantrip, but nothing happens.
The orc closely misses you.
Unknown command.
Unknown command.
You scratch the orc. The orc misses you.
The orc priest invokes the aid of Beogh against you.
Pain shoots through your body!
Ouch! That really hurt!
* * * LOW HITPOINT WARNING * * *
The orc barely misses you. 😱 HP[-13]
You take 13 damage, and now have 3/21 hp.
MASSIVE DAMAGE!! (PAUSE) Unknown command.
Unknown command.
As you read the scroll of fear, it crumbles to dust.
You assume a fearsome visage.
The orc looks frightened!
The orc priest looks frightened!
The orc looks frightened! x2
Unknown command.
Unknown command.
An orc opens the door.
You open the door.
There is an open door here.
You close the door.
You start resting.
An orc priest opens the door.
It is wielding a +1 short sword of venom. 😱 HP[+1]
You open the door.
The orc priest shouts!
There is an open door here. 😱 HP[+1]
The orc priest mumbles some strange prayers to Beogh against you.
Beogh smites you!
Ouch! That really hurt!
You die...
You are now level 3!
You rejoin the land of the living... 😎 HP[+12] MP[-1]
You now have 17 max hp (-4).
Your hp is fully restored (17).
Unknown command.
Unknown command.
Are you sure you want to abandon this character and quit the game? (Confirm with "yes".)

Skill      XL: |  1  2  3  4 |
---------------+-------------+-----
Stealth        | 7 8 9 |  9.1
Fighting       | |  3.0
Dodging        | |  2.6
Unarmed Combat | |  2.0

Action                   |  1- 3 |  4- 6 || total
-------------------------+-------+-------++-------
Melee: Unarmed           |     3 |    43 ||    46
       Bite              |       |     4 ||     4
       Punch             |       |     1 ||     1
  Use: Scroll            |     1 |     1 ||     2
 Stab: Sleeping          |     3 |     3 ||     6
Armor: Skin              |       |     1 ||     1
Dodge: Dodged            |       |    27 ||    27

Levels and vault maps discovered:
D:3:      layout_basic, lemuel_doored_altar, serial_shops,
          nicolae_shop_overgrown_old_shop, nicolae_shop_hallway_plus,
          nicolae_shop_crystal, shop, nicolae_shop_crystal,
          portal_sewer_entry_d, nrook_mini_vaults, corexii_hall_statues_x,
          chequers_mini_garden, minmay_fractal_squares_gapless_5
D:4:      layout_loops_ring
D:5:      layout_layer_cave, yredelemnul_forgotten_temple_becter,
          gammafunk_ghost_nasty_kobolds, wad_floor_pattern_untrapped

Notes
Turn   | Place    | Note
-------+----------+-------------------------------------------
     0 | D:5      | spaghetti the Felid Delver began the quest for the Orb.
     0 | D:5      | Reached XP level 1. HP: 10/10 MP: 2/2
     0 | D:5      | magus.rc [v1.9.6]
   135 | D:5      | Reached skill level 7 in Stealth
   135 | D:5      | Reached XP level 2. HP: 14/14 MP: 3/3
   142 | D:5      | Noticed a water moccasin
   233 | D:4      | Noticed a scorpion
   238 | D:4      | Killed a scorpion
   239 | D:4      | Reached skill level 8 in Stealth
   239 | D:4      | Reached XP level 3. HP: 17/17 MP: 4/4
   239 | D:4      | Reached XP level 4. HP: 21/21 MP: 5/5
   683 | D:4      | Reached skill level 9 in Stealth
  1210 | D:3      | HP: 3/21 [orc priest/nerve-wracking pain (13)]
  1237 | D:3      | Killed from afar by an orc priest
  1238 | D:3      | Reached XP level 3. HP: -8/17 MP: 13/13
  1238 | D:3      | Quit the game

Vanquished Creatures
  A scorpion (D:4)
  2 adders
  An adder skeleton (D:4)
  A dart slug (D:4)
  An orc (D:3)
  2 endoplasms
  A goblin (D:3)
  A hobgoblin (D:4)
  A ball python (D:4)
  A rat (D:3)
12 creatures vanquished.

Table legend:
 A = Non-vault XP
 B = Vault XP
 C = Vault XP percentage of total XP
 D = Non-vault monster count
 E = Vault monster count
 F = Vault count percentage of total count
                 A         B        C        D         E       F
            +---------+---------+-------+---------+---------+-------
      Total |     132 |       0 |   0.0 |      12 |       0 |   0.0
            +---------+---------+-------+---------+---------+-------
        D:3 |       8 |       0 |   0.0 |       4 |       0 |   0.0
        D:4 |     110 |       0 |   0.0 |       7 |       0 |   0.0
        D:5 |      14 |       0 |   0.0 |       1 |       0 |   0.0
            +---------+---------+-------+---------+---------+-------

Illustrated notes

Table legend:
 A = Kills in this place as a percentage of kills in entire the game.
 B = Kills by you in this place as a percentage of kills by you in the entire game.
 C = Kills by friends in this place as a percentage of kills by friends in the entire game.
 D = Other kills in this place as a percentage of other kills in the entire game.
 E = Experience gained in this place as a percentage of experience gained in the entire game.
 F = Experience gained in this place divided by the number of levels of this place that you have seen.
                   A       B       C       D       E      F
               +-------+-------+-------+-------+-------+----------------------
         Total | 100.0 | 100.0 |   N/A |   N/A | 100.0 |  44.0
       Dungeon | 100.0 | 100.0 |   N/A |   N/A | 100.0 |  44.0
               +-------+-------+-------+-------+-------+----------------------

Table legend: (Time is in decaauts)
 A = Elapsed time spent in this place.
 B = Non-inter-level travel time spent in this place.
 C = Inter-level travel time spent in this place.
 D = Time resting spent in this place.
 E = Time spent auto-exploring this place.
 F = Levels seen in this place.
 G = Mean time per level.
                   A        B        C        D        E       F      G
               +--------+--------+--------+--------+--------+-----+--------+
         Total |   1102 |   1094 |      8 |    304 |    583 |   3 |  367.3 |
       Dungeon |   1102 |   1094 |      8 |    304 |    583 |   3 |  367.3 |
               +--------+--------+--------+--------+--------+-----+--------+

Top non-repeatable levels by time:
     D:4: 766 daAuts
     D:3: 176 daAuts
     D:5: 158 daAuts
